 Dungeon Crawl Stone Soup version 0.29.1-15-g9cfb28693d (webtiles) character file.

Game seed: 17535307158384167784

216 H0rd4k the Trooper (level 5, -3/36 HPs)
             Began as an Octopode Artificer on Apr 3, 2023.
             Slain by an orc
             ... wielding a +1 hand axe of electrocution
              (9 damage)
             ... on level 3 of the Dungeon.
             The game lasted 00:02:01 (3770 turns).

H0rd4k the Trooper (Octopode Artificer)             Turns: 3770, Time: 00:02:02

Health: -3/36      AC:  1    Str: 12    XL:     5   Next: 93%
Magic:  9/9        EV: 13    Int: 15    God:
Gold:   141        SH:  0    Dex: 12    Spells: 9/9 levels left

rFire   . . .      SeeInvis .   g - +1 dagger (venom)
rCold   . . .      Faith    .   (no shield)
rNeg    . . .      Spirit   .   o - +0 hat
rPois   .          Reflect  .   (no amulet)
rElec   .          Harm     .   (no ring)
rCorr   .          Rampage  .   (no ring)
Will    .....                   (no ring)
Stlth   +++.......              (no ring)
HPRegen 0.12/turn               (no ring)
MPRegen 0.11/turn               (no ring)
                                (no ring)
                                (no ring)

@: no status effects
A: almost no armour, amphibious, 8 rings, camouflage 1, gelatinous body 1,
(nimble swimmer 1), tentacles
a: no special abilities


You were on level 3 of the Dungeon.
You visited 1 branch of the dungeon, and saw 3 of its levels.

You collected 141 gold pieces.

Inventory:

Hand Weapons
 g - a +1 dagger of venom (weapon)
Missiles
 m - 8 poisoned darts
Armour
 o - a +0 hat (worn)
Wands
 b - a wand of flame (15) (quivered)
 c - a wand of charming (13)
 d - a wand of iceblast (5)
 r - a wand of roots (14)
Scrolls
 a - 4 scrolls of identify {unknown}
 f - a scroll of poison {unknown}
 h - 2 scrolls of teleportation {unknown}
 j - 2 scrolls of vulnerability {unknown}
 l - 2 scrolls of enchant weapon {unknown}
 n - a scroll of fog {unknown}
 p - a scroll of fear {unknown}
Potions
 e - 2 potions of attraction {unknown}
 i - 2 potions of heal wounds {unknown}
 k - a potion of curing {unknown}
 q - a potion of cancellation {unknown}


   Skills:
 * Level 3.4 Fighting
 + Level 2.0 Short Blades
 - Level 2.3 Dodging
 - Level 1.3 Stealth
 + Level 1.6 Unarmed Combat
 * Level 2.7 Spellcasting
 - Level 3.2 Evocations


You had 9 spell levels left.
You didn't know any spells.
Your spell library was empty.

Dungeon Overview and Level Annotations

Branches:
Dungeon (3/15)

Altars:
Makhleb

Annotations:
D:3 Grinder


Innate Abilities, Weirdness & Mutations

You cannot wear most types of armour.
You are amphibious.
You can wear up to eight rings at the same time.
Your skin changes colour to match your surroundings (Stealth+).
Your rubbery body absorbs attacks. (AC +1, EV +1)
((You are camouflaged when in or above water. (Stealth+)))
You have tentacles for arms and can constrict up to eight enemies at once.


Message History

Aiming: Charm
Press: ? - help, Shift-Dir - straight line, f - Grinder
Aim: Grinder (lightly wounded, constricted by you, chance to affect: 57%) Grinder resists with significant effort.
You constrict Grinder.
An orc priest comes into view. It is wielding a +0 whip.
Grinder misses you.
Aiming: Charm
Press: ? - help, Shift-Dir - straight line, f/p - Grinder
Aim: Grinder (lightly wounded, constricted by you, chance to affect: 57%) Grinder is charmed.
You release your grip on Grinder.
The orc priest shouts!
The orc closely misses you.
Unknown command.
What are your orders? t - Shout!
Orders for allies: a - Attack new target. p - Attack previous target. r - Retreat! s - Stop attacking. g - Guard the area. f - Follow me.
Anything else - Cancel.
Guard this area!
The orc closely misses you.
The orc hits Grinder with a +1 hand axe of electrocution.
The orc priest casts a cantrip, but nothing happens.
Grinder blinks!
An adder comes into view.
Grinder blinks!
The orc priest invokes the aid of Beogh against you.
Beogh smites you!
You hear a shout!
The orc attacks as you move away!
The orc hits you with a +1 hand axe of electrocution.
The orc priest calls down the wrath of Beogh upon you.
You barely resist.
Something barely misses the orc priest.
The orc attacks as you move away! The orc misses you.
The orc priest looks encouraged for a moment.
The orc attacks as you move away!
The orc hits you with a +1 hand axe of electrocution.
* * * LOW HITPOINT WARNING * * *
You are electrocuted!
You die...

#..........[.##.....#.....##..
#............##.....#.###.##.#
#.........o...'.....#.....#..#
#........o...##..>..'.._..'.##
#............##.....#.....###
#............##.....#.###.#
..............'.....#.....#
............o##.....#'###'####
...#####+#..@...#....#.......
... #......#.#.##.#.###### S.
###.##.#......#.#
#.##.###.#..#.# #.##.#
#.#..#.# #.##.# #.#..#.#
#.##.# #.#..#.# #.##.# #.#
.#.######
#####'##'###'####......#


You could see 2 orc priests and an orc.

Vanquished Creatures
  Jessica (D:2)
  Natasha (twice) (D:3)
  Terence (D:2)
  Robin (D:2)
  3 adders
  A dart slug (D:1)
  An orc (D:3)
  5 bats
  3 endoplasms
  A giant cockroach (D:1)
  19 goblins
  3 hobgoblins
  13 jackals (D:1)
  2 quokkas
  2 ball pythons
  A frilled lizard (D:1)
  5 kobolds
  2 rats (D:2)
66 creatures vanquished.

Vanquished Creatures (others)
  13 plants (D:2)
13 creatures vanquished.

Grand Total: 79 creatures vanquished

Notes
Turn   | Place    | Note
-------+----------+-------------------------------------------
     0 | D:1      | H0rd4k the Octopode Artificer began the quest for the Orb.
     0 | D:1      | Reached XP level 1. HP: 13/13 MP: 1/1
   161 | D:1      | Reached XP level 2. HP: 12/19 MP: 2/2
   278 | D:1      | Found a faded altar of an unknown god.
   528 | D:1      | Reached skill level 1 in Spellcasting
   538 | D:1      | Reached XP level 3. HP: 12/24 MP: 4/4
  1260 | D:2      | Noticed Jessica
  1262 | D:2      | Noticed Terence
  1268 | D:2      | Killed Jessica
  1269 | D:2      | Reached skill level 1 in Unarmed Combat
  1269 | D:2      | Reached XP level 4. HP: 30/30 MP: 5/7
  1283 | D:2      | Killed Terence
  1284 | D:2      | Reached skill level 1 in Short Blades
  1530 | D:2      | Reached XP level 5. HP: 35/36 MP: 8/8
  1760 | D:2      | Noticed Robin
  1987 | D:2      | Killed Robin
  3208 | D:3      | Noticed Natasha
  3214 | D:3      | Killed Natasha
  3426 | D:3      | Found a burning altar of Makhleb.
  3426 | D:3      | Noticed Natasha
  3432 | D:3      | Killed Natasha
  3751 | D:3      | Noticed Grinder
  3770 | D:3      | Slain by an orc

Illustrated notes

Levels and vault maps discovered:
D:1:      nzn_arrival_water_spiral, layout_loops_ring, serial_rivers,
          chequers_serial_rivers_small_b, chequers_serial_rivers_small_b,
          chequers_serial_rivers_micro_a, chequers_serial_rivers_micro_c,
          hellmonk_ecumenical_altar_dog_temple, minmay_split_cup_small
D:2:      layout_basic, serial_forest, infiniplex_forest_clump_C,
          infiniplex_forest_clump_curved, infiniplex_forest_clump_curved,
          infiniplex_forest_straight_1, infiniplex_forest_clump_diagonal,
          infiniplex_forest_clump_small, infiniplex_forest_straight_4,
          nrook_uturn, amcnicky_mini_rare_corridor_liquid,
          hangedman_decor_diamond_cutter, uniq_robin, uniq_jessica, uniq_terence
D:3:      layout_basic, mainiacjoe_overflow_six_doors_small,
          minmay_crystal_room, uniq_grinder, uniq_natasha

Skill      XL: |  1  2  3  4  5 |
---------------+----------------+-----
Fighting       | 2 3 |  3.4
Spellcasting   | 1 2 |  2.7
Unarmed Combat | 1 |  1.6
Short Blades   | 1 2 |  2.0
Dodging        | |  2.3
Stealth        | |  1.3
Evocations     | |  3.2

Action                   |  1- 3 |  4- 6 || total
-------------------------+-------+-------++-------
Melee: Unarmed           |    25 |       ||    25
       Constrict         |    28 |    21 ||    49
       Tentacles         |    12 |    13 ||    25
       Dagger            |    50 |    80 ||   130
       Punch             |     1 |     2 ||     3
Evoke: Wand              |       |     2 ||     2
 Stab: Sleeping          |     5 |     4 ||     9
Armor: Skin              |     3 |     4 ||     7
Dodge: Dodged            |    65 |    39 ||   104
